 Dungeon Crawl Stone Soup version 0.27-a0-1319-geec4fb4e21 (webtiles) character file.

Game seed: 7532967807867124548

1 flotson the Sneak (level 1, 0/18 HPs)
             Began as a Demonspawn Delver on June 21, 2021.
             Slain by an adder (4 damage)
             ... on level 3 of the Dungeon.
             The game lasted 00:01:06 (92 turns).

flotson the Sneak (Demonspawn Delver)                 Turns: 92, Time: 00:01:07

Health: 0/18       AC:  3    Str: 12    XL:     1   Next: 16%
Magic:  1/1        EV: 11    Int: 11    God:
Gold:   0          SH:  0    Dex: 14    Spells: 0/0 levels left

rFire    . . .     SeeInvis .   a - +0 hand axe
rCold    . . .     Faith    .   (no shield)
rNeg     . . .     Spirit   .   b - +0 leather armour
rPois    .         Reflect  .   (no helmet)
rElec    .         Harm     .   (no cloak)
rCorr    .         Rampage  .   (no gloves)
Will     .....                  (no boots)
Stlth    ++........             (no amulet)
HPRegen  0.06/turn              (no ring)
MPRegen  0.07/turn              (no ring)

@: hasted (expiring), very quick
A: no striking features
a: no special abilities


You were on level 3 of the Dungeon.
You visited 1 branch of the dungeon, and saw 3 of its levels.

Inventory:

Hand Weapons
 a - a +0 hand axe (weapon)
Armour
 b - a +0 leather armour (worn)
Wands
 g - a wand of digging (1)
Scrolls
 c - a scroll of fog
 e - a scroll of fear


   Skills:
 + Level 3.0 Fighting
 + Level 1.8 Axes
 + Level 0.0 Armour
 + Level 1.8 Dodging
 - Level 4.5 Stealth


You couldn't memorise any spells.
You didn't know any spells.
Your spell library was empty.

Dungeon Overview and Level Annotations

Branches:
Dungeon (5/15)             Temple (0/1) D:4

Altars:
Ashenzari
Elyvilon
Makhleb
Nemelex Xobeh
Trog
The Shining One


Message History

You climb upwards.
Reactivating autopickup.
A rat comes into view.
There is a stone staircase leading down here.
You hit the adder.
The adder is lightly wounded.
The adder closely misses you.
You barely miss the adder.
The adder is lightly wounded.
The adder closely misses you.
You hit the adder but do no damage.
The adder is lightly wounded.
The adder closely misses you.
You closely miss the adder.
The adder is lightly wounded.
The adder closely misses you.
You barely miss the adder.
The adder is lightly wounded.
The adder barely misses you.
The rat twitches its whiskers.
You hit the adder.
The adder is moderately wounded.
The adder misses you.
You hit the adder.
The adder is severely wounded.
The adder bites you.
* * * LOW HITPOINT WARNING * * *
You miss the adder.
The adder is severely wounded.
The adder bites you.
* * * LOW HITPOINT WARNING * * *
You barely miss the adder.
The adder is severely wounded.
You hit the rat. The adder bites you but does no damage. The rat misses you.
You closely miss the adder.
The adder is severely wounded.
You closely miss the rat.
Your extra speed is starting to run out.
The adder bites you.
You die...

....#
#.#.#
#.#.#
#.#.#
...#
#..#
#rS#
#.@#
#...#
....###
#...##
..# #


You could see an adder and a rat.

Vanquished Creatures
  A quokka (D:4)
1 creature vanquished.

Notes
Turn   | Place    | Note
-------+----------+-------------------------------------------
     0 | D:5      | flotson the Demonspawn Delver began the quest for the Orb.
     0 | D:5      | Reached XP level 1. HP: 18/18 MP: 1/1
     8 | D:5      | Noticed a hound
    25 | D:4      | Noticed an orc wizard
    35 | D:4      | Found a sparkling altar of Nemelex Xobeh.
    39 | D:4      | Found a broken altar of Ashenzari.
    40 | D:4      | Found a burning altar of Makhleb.
    54 | D:4      | Noticed a jelly
    73 | D:4      | Found a bloodstained altar of Trog.
    92 | D:3      | Slain by an adder

Illustrated notes

Levels and vault maps discovered:
D:3:      minmay_evil_eye, layout_basic, uniq_grinder
D:4:      layout_cave_pools, nicolae_overflow_hidden_temple, trog_hazing_becter,
          minmay_temple_entry_enclosed_plants, portal_sewer_entry_d,
          minmay_fractal_squares_5, uniq_ijyb
D:5:      layout_cave_pools, lemuel_tele_altar, nicolae_underground_beach,
          uniq_duvessa, uniq_crazy_yiuf_cottage, uniq_menkaure

Action                   || total
-------------------------++-------
Melee: Hand axe          ||    13
Evoke: Wand              ||     2
  Use: Scroll            ||     1
       Potion            ||     1
Armor: Leather armour    ||     7
Dodge: Dodged            ||    17

Table legend: (Time is in decaauts)
 A = Elapsed time spent in this place.
 B = Non-inter-level travel time spent in this place.
 C = Inter-level travel time spent in this place.
 D = Time resting spent in this place.
 E = Time spent auto-exploring this place.
 F = Levels seen in this place.
 G = Mean time per level.
                   A        B        C        D        E       F      G
               +--------+--------+--------+--------+--------+-----+--------+
         Total |     83 |     83 |      0 |      0 |      8 |   3 |   27.7 |
       Dungeon |     83 |     83 |      0 |      0 |      8 |   3 |   27.7 |
               +--------+--------+--------+--------+--------+-----+--------+

Top non-repeatable levels by time:
     D:4: 53 daAuts
     D:5: 22 daAuts
     D:3: 7 daAuts
